 Dungeon Crawl Stone Soup version 0.23-a0-435-g79ed067 (webtiles) character file.

10 Azzok the Firebug (level 2, 19/19 HPs)
             Began as a Demonspawn Fire Elementalist on Nov 15, 2018.
             Quit the game on level 1 of the Dungeon.
             The game lasted 00:00:35 (399 turns).

Azzok the Firebug (Demonspawn Fire Elementalist)     Turns: 399, Time: 00:00:36

Health: 19/19      AC:  2    Str:  8    XL:     2   Next: 10%
Magic:  5/5        EV: 12    Int: 16    God:
Gold:   18         SH:  0    Dex: 13    Spells: 4/5 levels left

rFire    . . .     SeeInvis .   (no weapon)
rCold    . . .     Gourm    .   (no shield)
rNeg     . . .     Faith    .   a - +0 robe
rPois    .         Spirit   .   (no helmet)
rElec    .         Reflect  .   (no cloak)
rCorr    .         Harm     .   (no gloves)
MR       .....                  (no boots)
Stlth    ++........             (no amulet)
HPRegen  0.06/turn              (no ring)
MPRegen  0.09/turn              (no ring)

@: no status effects
A: claws 1
a: no special abilities


You were on level 1 of the Dungeon.
You were not hungry.

You visited 1 branch of the dungeon, and saw 2 of its levels.

You collected 18 gold pieces.

Inventory:

Missiles
 b - 11 poisoned needles
Armour
 a - a +0 robe (worn)
Scrolls
 d - 2 scrolls of remove curse {unknown}
Potions
 e - a potion of degeneration {unknown}
 g - a potion of lignification {unknown}
Comestibles
 c - 2 rations
 f - 2 chunks of flesh


   Skills:
 - Level 1.7 Dodging
 - Level 1.7 Stealth
 + Level 2.2 Spellcasting
 + Level 1.5 Conjurations
 + Level 2.9 Fire Magic


You had 4 spell levels left.
You knew the following spells:

 Your Spells              Type           Power        Failure   Level  Hunger
a - Flame Tongue          Conj/Fire      #....        9%          1    #......

Your spell library contained the following spells:

 Spells                   Type           Power        Failure   Level  Hunger
 Throw Flame              Conj/Fire      #.....       12%         2    ###....
 Conjure Flame            Conj/Fire      #.......     24%         3    ###....
 Inner Flame              Hex/Fire       #.......     32%         3    ###....
 Sticky Flame             Conj/Fire      #.......     63%         4    #####..
 Fireball                 Conj/Fire      #.........   92%         5    ######.


Dungeon Overview and Level Annotations

Branches:
Dungeon (2/15)

Altars:
Cheibriados


Innate Abilities, Weirdness & Mutations

You have sharp fingernails.


Message History

The dart slug barely misses you.
You hit the dart slug but do no damage.
The dart slug is almost dead.
The dart slug launches a dart at you. The slug dart hits you!
You hit the dart slug.
You kill the dart slug!
You have reached level 2!
You feel monstrous as your demonic heritage exerts itself.
Your demonic ancestry asserts itself...
Your fingernails lengthen.
Some of the chunks of flesh in your inventory have rotted away.
Your magical contamination has completely faded away.
You butcher the dart slug corpse.
f - 3 chunks of flesh (gained 2) Some of the chunks of flesh in your inventory have rotted away.
c - 2 rations (gained 1)
You now have 18 gold pieces (gained 15).
Found a hand axe.
Are you sure you want to abandon this character and quit the game? (Confirm

▒···· ▒▒···· ▒·····
▒▒▒▒····· ·
▒▒▒▒▒▒▒········ ··▒▒
▒·······▒▒·····
·····▒▒▒▒▒·▒▒▒▒▒▒▒▒·····
···············▒▒▒▒·▒▒▒▒
·······@··▒▒▒▒······▒▒
▒·▒▒···▒▒▒▒▒▒▒▒▒▒▒▒··▒▒▒
▒▒···········▒ ▒·····
··)▒ ▒·······▒▒▒▒····
·▒▒▒ ▒▒▒·≈≈≈≈≈≈≈≈·▒▒▒ ··
···▒▒▒▒▒·▒[·····≈···· ▒
▒·······▒▒▒▒▒▒·≈≈≈≈·
▒▒▒▒▒▒▒·▒·········≈·
▒▒▒▒▒·▒▒▒▒▒▒▒▒▒·≈≈


There were no monsters in sight!

Vanquished Creatures
  A dart slug (D:1)
  A bat (D:2)
  A giant cockroach (D:1)
  2 goblins (D:1)
  A hobgoblin (D:1)
  A kobold (D:1)
7 creatures vanquished.

Notes
Turn   | Place    | Note
-------+----------+-------------------------------------------
     0 | D:1      | Azzok the Demonspawn Fire Elementalist began the quest for
                  | the Orb.
     0 | D:1      | Reached XP level 1. HP: 13/13 MP: 3/3
   147 | D:1      | You fall through a shaft!
   166 | D:2      | Found a snail-covered altar of Cheibriados.
   271 | D:1      | Gained mutation: You have sharp fingernails. [demonic
                  | ancestry]
   271 | D:1      | Reached XP level 2. HP: 13/19 MP: 0/5
   399 | D:1      | Quit the game

Vault maps used:
D:1:      psy_arrival_radial02, minmay_small_reverse_x
D:2:      cheibrodos_helix_gallery, cheibriados_altar_1, minmay_tetromino_l2

Action                   || total
-------------------------++-------
Melee: Unarmed           ||     6
 Cast: Flame Tongue      ||     9
Armor: Robe              ||     1
Dodge: Dodged            ||     4

Table legend:
 A = Non-vault XP
 B = Vault XP
 C = Vault XP percentage of total XP
 D = Non-vault monster count
 E = Vault monster count
 F = Vault count percentage of total count
                 A         B        C        D         E       F
            +---------+---------+-------+---------+---------+-------
      Total |      15 |       0 |   0.0 |       7 |       0 |   0.0
            +---------+---------+-------+---------+---------+-------
        D:1 |      13 |       0 |   0.0 |       6 |       0 |   0.0
        D:2 |       2 |       0 |   0.0 |       1 |       0 |   0.0
            +---------+---------+-------+---------+---------+-------
